 Dungeon Crawl Stone Soup version 0.15.0-34-g666c3a1 (webtiles) character file.

143 LordSUSHI the Cudgeler (level 5, -11/57 HPs)
             Began as an Ogre Berserker on Sept 16, 2014.
             Was a Believer of Trog.
             Killed by divine providence
             ... invoked by an orc priest
              (15 damage)
             ... on Level 4 of the Dungeon.
             The game lasted 00:18:52 (2587 turns).

LordSUSHI the Cudgeler (Ogre Berserker)             Turns: 2587, Time: 00:18:53

HP -11/57        AC  3     Str 23      XL: 5   Next: 25%
MP   5/5         EV 10     Int  6      God: Trog [**....]
Gold 102         SH  0     Dex  9      Spells:  0 memorised,  4 levels left

rFire  . . .     SeeInvis .     r - +0 great mace
rCold  . . .     Clarity  .     b - +0 animal skin
rNeg   . . .     rCorr    .     (shield restricted)
rPois  .         rRot     .     (helmet restricted)
rElec  .         Spirit   .     (no cloak)
SustAb .         Warding  .     (gloves unavailable)
rMut   .         Stasis   .     (boots unavailable)
Gourm  .                        (no amulet)
MR     ++...                    (no ring)
                                (no ring)

@: regenerating, very resistant to hostile enchantments, very unstealthy
A: unfitting armour, tough skin 1
a: Burn Spellbooks, Berserk, Trog's Hand, Renounce Religion


You were on level 4 of the Dungeon.
You worshipped Trog.
Trog was pleased with you.
You were not hungry.

You visited 1 branch of the dungeon, and saw 4 of its levels.

You collected 102 gold pieces.

Inventory:

Hand weapons
 a - a +0 mace
 l - a +0 mace
 r - a +0 great mace (weapon)
Missiles
 g - 19 poisoned needles (quivered)
 n - 41 stones
Armour
 b - a +0 animal skin (worn)
Comestibles
 c - 2 meat rations
 q - a rotting chunk of jackal flesh
Scrolls
 h - 3 scrolls of identify {unknown}
 j - a scroll of teleportation {unknown}
 k - a scroll of amnesia {unknown}
 m - a scroll of magic mapping {unknown}
Jewellery
 f - a cursed ring of teleportation {unknown}
Potions
 d - a potion of brilliance {unknown}
 e - a potion of experience {unknown}
 i - a potion of degeneration {unknown}
 p - a potion of resistance {unknown}


   Skills:
 + Level 5.2 Fighting
 * Level 6.7 Maces & Flails
 * Level 0.7 Throwing
 - Level 2.9 Dodging


You had 4 spell levels left.
You didn't know any spells.

Dungeon Overview and Level Annotations

Branches:
Dungeon (4/15)
 Temple: D:4-7

Altars:
Vehumet
The Shining One


Innate Abilities, Weirdness & Mutations

You are too large for most types of armour.
You have tough skin (AC +1).


Message History

Your skin crawls.
You feel resistant to hostile enchantments.
You feel slightly more hungry.
You feel sick.
The orc priest utters an invocation to Beogh.
You feel a wave of unholy energy pass over you.
The orc hits you but does no damage.
You barely miss the orc. The orc hits you with a flail!
* * * LOW HITPOINT WARNING * * *
You feel better.
It was a potion of curing.
The orc closely misses you.
You barely miss the orc. The orc closely misses you.
You barely miss the orc. The orc hits you but does no damage.
You closely miss the orc.
The orc priest mumbles some strange prayers to Beogh against you.
Something smites you!
* * * LOW HITPOINT WARNING * * *
The orc hits you with a flail.
* * * LOW HITPOINT WARNING * * *
The orc priest calls down the wrath of Beogh upon you.
Something smites you!
You die...

..........)..o...#
..........#
######....# .
##..(# #... #.(o#
.... ##########og#
...# #.........or#
...# #.......###o#
...###........##@#
.......####...##.#
.....%(# #......#
.......# #......#
...##### #......#
...# #......# ...#
#....### .(.#
##.#.# #.## #.#.#


You could see 2 orc priests, 2 orcs, a quokka and a goblin.

Vanquished Creatures
  6 adders
  4 worms
  An orc (D:3)
  5 giant cockroaches
  9 goblins
  9 hobgoblins
  4 jackals
  4 kobolds
  3 quokkas
  7 bats
  3 giant geckos
  A giant newt (D:2)
  8 rats
64 creatures vanquished.

Notes
Turn   | Place    | Note
--------------------------------------------------------------
     0 | D:1      | LordSUSHI, the Ogre Berserker, began the quest for the Orb.
     0 | D:1      | Reached XP level 1. HP: 24/24 MP: 1/1
   254 | D:1      | Reached XP level 2. HP: 24/32 MP: 2/2
   807 | D:2      | Reached skill level 5 in Maces & Flails
   807 | D:2      | Reached XP level 3. HP: 32/40 MP: 3/3
   882 | D:2      | Acquired Trog's second power
  1027 | D:2      | Reached XP level 4. HP: 23/49 MP: 4/4
  1290 | D:2      | Reached skill level 6 in Maces & Flails
  1312 | D:2      | Reached skill level 5 in Fighting
  1628 | D:3      | Found a radiant altar of Vehumet.
  1991 | D:3      | Reached XP level 5. HP: 57/57 MP: 5/5
  2291 | D:3      | Found a radiant altar of Vehumet.
  2320 | D:3      | Found a glowing golden altar of the Shining One.
  2587 | D:4      | Killed from afar by an orc priest

Action                   |  1- 3 |  4- 6 || total
-------------------------+-------+-------++-------
Melee: Mace              |   106 |    31 ||   137
       Great mace        |       |    63 ||    63
Invok: Trog's Hand       |       |     1 ||     1
  Use: Potion            |       |     1 ||     1
  Eat: Bread ration      |       |     1 ||     1
       Chunk             |       |     1 ||     1
